 Dungeon Crawl Stone Soup version 0.27.0-1-g7a089689b8 (webtiles) character file.

Game seed: 9743589636804882027

2 Malachi the Vexing (level 1, 0/13 HPs)
             Began as a Vampire Enchanter on Aug 17, 2021.
             Slain by a hobgoblin (1 damage)
             ... on level 1 of the Dungeon.
             The game lasted 00:00:50 (88 turns).

Malachi the Vexing (Vampire Enchanter)                Turns: 88, Time: 00:00:51

Health: 0/13       AC:  2    Str:  7    XL:     1   Next: 25%
Magic:  2/3        EV: 12    Int: 17    God:
Gold:   0          SH:  0    Dex: 14    Spells: 3/4 levels left

rFire    . . .     SeeInvis +   c - +0 short sword
rCold    . . .     Faith    .   (no shield)
rNeg     . . .     Spirit   .   b - +0 robe
rPois    .         Reflect  .   (no helmet)
rElec    .         Harm     .   (no cloak)
rCorr    .         Rampage  .   (no gloves)
Will     .....                  (no boots)
Stlth    +++.......             (no amulet)
HPRegen  0.24/turn              (no ring)
MPRegen  0.08/turn              (no ring)

@: healing quickly
A: alive, fangs 3, see invisible, vampiric 1
a: Exsanguinate


You were on level 1 of the Dungeon.
You visited 1 branch of the dungeon, and saw 1 of its levels.

Inventory:

Hand Weapons
 a - a +1 dagger
 c - a +0 short sword (weapon)
Armour
 b - a +0 robe (worn)


   Skills:
 * Level 1.4 Short Blades
 - Level 2.1 Dodging
 - Level 4.4 Stealth
 - Level 2.0 Spellcasting
 - Level 4.4 Hexes


You had 3 spell levels left.
You knew the following spells:

 Your Spells              Type           Power      Damage    Failure   Level
a - Corona                Hex            17%        N/A       3%          1

Your spell library contained the following spells:

 Spells                   Type           Power      Damage    Failure   Level
 Confusing Touch          Hex            16%        N/A       10%         3
 Tukima's Dance           Hex            16%        N/A       10%         3
 Ensorcelled Hibernation  Hex/Ice        18%        N/A       12%         2
 Dazzling Flash           Conj/Hex       18%        N/A       24%         3


Dungeon Overview and Level Annotations

Branches:
Dungeon (1/15)

Altars:


Innate Abilities, Weirdness & Mutations

Your natural rate of healing is accelerated.
You have razor-sharp teeth.
You have supernaturally acute eyesight. (SInv)
You are afflicted with vampirism.


Message History

You hit the hobgoblin.
You kill the hobgoblin!
Casting: Corona (safe; 3% risk of failure)
Confirm with . or Enter, or press ? or * to list all spells.
Aiming: Corona (safe; 3% risk of failure)
Press: ? - help, Shift-Dir - straight line, f - kobold
Aim: a kobold, wielding a +0 short sword (chance to affect: 71%)
The kobold is outlined in light.
The kobold hits you with a +0 short sword.
You barely miss the kobold. The kobold closely misses you.
You hit the kobold.
The kobold is severely wounded.
The kobold closely misses you.
You barely miss the kobold. Your bite misses the kobold.
The kobold is severely wounded.
You hit the kobold.
You kill the kobold!
Things that are here:
a +0 short sword; a kobold corpse; a hobgoblin corpse You start resting.
A hobgoblin is nearby!
A hobgoblin is nearby!
c - a +0 short sword
c - a +0 short sword (weapon)
A hobgoblin is nearby!
A hobgoblin is nearby!
There are monsters nearby!
There are monsters nearby!
You barely miss the goblin.
The goblin shouts!
The goblin closely misses you.
You hit the goblin but do no damage. The goblin hits you with a +0 dagger.
You closely miss the goblin. The hobgoblin barely misses you.
The goblin hits you with a +0 dagger.
You completely miss the goblin. The goblin hits you with a +0 dagger.
* * * LOW HITPOINT WARNING * * *
The hobgoblin hits you.
* * * LOW HITPOINT WARNING * * *
You barely miss the goblin. The hobgoblin hits you.
You die...

#.###.##...#g#
#.##...#...#.#
#....#.....#.#
♣♣♣...♣♣♣#...#.#
♣♣.......♣♣...#†#
♣♣.........♣♣.##.#
♣....♣.♣....♣g...#
♣.....⌠.....♣g##.#
♣....♣.♣...♣#@##.#
♣♣..........♣g##.#
♣♣.....♣#.<♣..>.#
♣♣♣♣♣♣♣♣♣♣######


You could see 2 hobgoblins and a goblin.

Vanquished Creatures
  A hobgoblin (D:1)
  A kobold (D:1)
2 creatures vanquished.

Notes
Turn   | Place    | Note
-------+----------+-------------------------------------------
     0 | D:1      | Malachi the Vampire Enchanter began the quest for the Orb.
     0 | D:1      | Reached XP level 1. HP: 13/13 MP: 3/3
    88 | D:1      | Slain by a hobgoblin

Illustrated notes

Levels and vault maps discovered:
D:1:      amcnicky_arrival_underground_garden, layout_loops_ring,
          hangedman_abyss_or_decor_stabs, minmay_lizard_pond

Action                   || total
-------------------------++-------
Melee: Dagger            ||    28
       Short sword       ||     5
       Bite              ||     1
 Cast: Corona            ||     6
Armor: Robe              ||     6
Dodge: Dodged            ||    21
